 Dungeon Crawl Stone Soup version 0.31-a0-819-gf6de2f5ab6 (webtiles) character file.

Game seed: 2031591423890507161

1572 qw the Skirmisher (level 8, -2/52 HPs)
             Began as a Gargoyle Hunter on Sept 23, 2023.
             Was an Initiate of Okawaru.
             Slain by a killer bee (5 damage)
             ... on level 7 of the Dungeon.
             The game lasted 00:02:14 (4510 turns).

qw the Skirmisher (Gargoyle Hunter)                 Turns: 4510, Time: 00:02:15

Health: -2/52      AC: 18    Str: 15    XL:     8   Next: 90%
Magic:  8/8        EV: 11    Int: 10    God:    Okawaru [......]
Gold:   74         SH:  0    Dex: 15    Spells: 7/7 levels left

rFire   + . .        Y - +0 orcbow
rCold   . . .        (shield currently unavailable)
rNeg    + . .        i - +1 ring mail {rF+}
rPois   inf          a - +0 helmet
rElec   +            d - +0 cloak {rCorr}
rCorr   +            o - +1 pair of gloves
SInv    .            e - +1 pair of boots
Will    .....        h - amulet of regeneration
Stlth   +            (no ring)
HPRegen 1.08/turn    (no ring)
MPRegen 0.11/turn

%: no passive effects
@: about to teleport
A: sickness immunity, AC +5, negative energy resistance 1, electricity
resistance, torment resistance 1, petrification resistance
a: Renounce Religion


You were on level 7 of the Dungeon.
You worshipped Okawaru.
Okawaru was noncommittal.
You visited 2 branches of the dungeon, and saw 8 of its levels.

You collected 404 gold pieces.
You spent 330 gold pieces at shops.


Innate Abilities, Weirdness & Mutations

You are immune to sickness and miasma.
Your stone body is resilient. (AC +5)
You are immune to poison.
You resist negative energy. (rN+)
You are resistant to electric shocks. (rElec)
You are resistant to unholy torment.
You are immune to petrification.


   Skills:
 - Level 6.4 Fighting
 - Level 9.9 Ranged Weapons
 + Level 2.1 Armour
 - Level 2.0 Dodging
 - Level 1.1 Stealth


You had 7 spell levels left.
You didn't know any spells.
Your spell library was empty.

Inventory:

Hand Weapons
 Y - a +0 orcbow (weapon)
Armour
 a - a +0 helmet (worn)
 d - a +0 cloak of preservation (worn)
 e - a +1 pair of boots (worn)
 i - a +1 ring mail of fire resistance (worn)
 m - a +3 leather armour
 o - a +1 pair of gloves (worn)
Jewellery
 h - an amulet of regeneration (around neck)
Scrolls
 f - a scroll of identify
Potions
 c - a potion of mutation
 g - 2 potions of enlightenment
 j - a potion of might
 k - a potion of haste {unknown}
 n - a potion of brilliance {unknown}
 p - a potion of attraction {unknown}

Dungeon Overview and Level Annotations

Branches:
Dungeon (7/15)             Temple (1/1) D:6

Altars:
Cheibriados
Dithmenos
Elyvilon
Fedhas
Makhleb
Nemelex Xobeh
Okawaru
Ru
Sif Muna
Trog
Uskayaw
Vehumet
Wu Jian
Xom

Shops:
D:6 [


Message History

The killer bee stings you.
4507 |||
Found retreat position at -1,1 (killer bee; floor) with 0 blocking monsters and 4 monsters attacking at destination at distance 1 You shoot an arrow.
The arrow misses the killer bee.
The killer bee stings you but does no damage. x2
The killer bee barely misses you. The killer bee closely misses you.
The killer bee stings you but does no damage.
The killer bee misses you.
The killer bee stings you but does no damage.
The killer bee stings you. The steam dragon bites you.
The steam dragon claws you but does no damage.
4508 |||
Found retreat position at -1,1 (killer bee; floor) with 0 blocking monsters and 4 monsters attacking at destination at distance 1 You shoot an arrow.
The arrow hits the killer bee but does no damage.
The killer bee is almost dead.
The killer bee stings you but does no damage.
The killer bee closely misses you. The killer bee barely misses you.
The killer bee stings you.
The killer bee stings you but does no damage. x2
The killer bee stings you. The killer bee misses you.
The steam dragon bites you but does no damage.
The steam dragon claws you but does no damage.
4509 |||
Found retreat position at -1,1 (killer bee; floor) with 0 blocking monsters and 4 monsters attacking at destination at distance 1
4509 ||| READING scroll of teleportation.
As you read the scroll of teleportation, it crumbles to dust.
You feel strangely unstable.
The killer bee is engulfed in a cloud of scalding steam.
The killer bee stings you but does no damage.
The killer bee barely misses you.
The killer bee stings you but does no damage.
The killer bee stings you.
The killer bee is engulfed in a cloud of scalding steam.
The killer bee barely misses you.
The killer bee stings you but does no damage.
The killer bee closely misses you.
The killer bee stings you but does no damage.
The steam dragon bites you. The steam dragon claws you.
4510 |||
Found retreat position at -1,1 (killer bee; floor) with 0 blocking monsters and 4 monsters attacking at destination at distance 1 You shoot an arrow.
The arrow misses the killer bee.
The killer bee barely misses you. x2; The killer bee stings you.
You die...

.. #. #. #. #.
#. # #.##.##.##
#y@D......
#....yyy......
.....####......
.... .##.## ...
# # ##


You could see a steam dragon and 4 killer bees.

Vanquished Creatures
  A water moccasin (D:6)
  A sky beast (D:5)
  An ice beast (D:6)
  2 centaurs (D:5)
  2 bullfrogs (D:6)
  A gnoll sergeant (D:6)
  2 scorpions
  A howler monkey (D:5)
  3 jellies
  2 orc priests (D:4)
  4 hounds
  4 iguanas
  Natasha (twice) (D:3)
  4 orc wizards (D:4)
  Robin (D:4)
  5 gnolls (D:6)
  6 adders
  3 ufetubi
  2 worms
  A dart slug (D:1)
  17 orcs
  10 ball pythons
  3 bats
  12 endoplasms
  4 giant cockroaches
  13 goblins
  9 hobgoblins
  6 jackals
  3 quokkas
  3 frilled lizards
  4 kobolds
  5 rats
137 creatures vanquished.

Notes
Turn   | Place    | Note
-------+----------+-------------------------------------------
     0 | D:1      | qw the Gargoyle Hunter began the quest for the Orb.
     0 | D:1      | Reached XP level 1. HP: 12/12 MP: 1/1
     0 | D:1      | 0 ||| qw: Version: 0.3-a-83-gcd0e7d8
     0 | D:1      | 0 ||| qw: Game counter: 1686
     0 | D:1      | 0 ||| qw: Melee chars always use a shield: true
     0 | D:1      | 0 ||| qw: God list: Okawaru
     0 | D:1      | 0 ||| qw: Allow faded altars: false
     0 | D:1      | 0 ||| qw: Do Orc after clearing Dungeon:15 true
     0 | D:1      | 0 ||| qw: Do second Lair branch before Depths: true
     0 | D:1      | 0 ||| qw: Lair rune preference: random
     0 | D:1      | 0 ||| qw: Goals: Normal
     0 | D:1      | 0 ||| PLANNING D:1-11
   157 | D:1      | Reached XP level 2. HP: 10/17 MP: 2/2
   387 | D:1      | Reached XP level 3. HP: 21/21 MP: 3/3
   480 | D:1      | Reached skill level 5 in Ranged Weapons
   859 | D:1      | 859 ||| UPGRADING to +0 pair of boots.
   864 | D:1      | 864 ||| DROPPING ring of magical power.
   865 | D:1      | 865 ||| READING scroll labelled QOUXITA VUSCH.
   866 | D:1      | 866 ||| READING scroll labelled UJEMUCWAXT.
   867 | D:1      | 867 ||| READING scroll labelled UPRYTE SEAHEM.
   871 | D:1      | 871 ||| READING scroll labelled UMOIDW LEIGRUPP.
   872 | D:1      | 872 ||| DROPPING scroll of butterflies.
  1129 | D:2      | Reached skill level 3 in Fighting
  1426 | D:2      | 1426 ||| UPGRADING to +0 ring mail.
  1436 | D:2      | 1436 ||| DROPPING +0 leather armour.
  1437 | D:2      | 1437 ||| UPGRADING to amulet of regeneration.
  1442 | D:2      | 1442 ||| READING 2 scrolls labelled EXKUISM LYZE.
  1443 | D:2      | 1443 ||| READING scroll labelled KASUMA TODO.
  1444 | D:2      | 1444 ||| DROPPING scroll of vulnerability.
  1486 | D:3      | Found a blossoming altar of Fedhas.
  1502 | D:3      | Reached XP level 4. HP: 28/28 MP: 4/4
  1548 | D:3      | Reached skill level 1 in Armour
  1687 | D:3      | Found a shadowy altar of Dithmenos.
  1777 | D:3      | Identified the +1 robe of Doforud {rPois Int+4 Dex-4}
  1987 | D:3      | 1987 ||| READING scroll of enchant armour.
  1987 | D:3      | 1987 ||| ENCHANTING +0 pair of boots.
  2116 | D:3      | Noticed Natasha
  2122 | D:3      | Killed Natasha
  2123 | D:3      | Reached XP level 5. HP: 32/32 MP: 5/5
  2225 | D:3      | 2225 ||| DROPPING +1 robe of Doforud {rPois Int+4 Dex-4}.
  2226 | D:3      | 2226 ||| READING scroll labelled UTYNUSYFIH.
  2264 | D:3      | Noticed Natasha
  2272 | D:3      | Killed Natasha
  2273 | D:3      | Reached skill level 6 in Ranged Weapons
  2287 | D:4      | 2287 ||| STAIRDANCE
  2292 | D:4      | 2292 ||| STAIRDANCE
  2370 | D:4      | Noticed Robin
  2378 | D:4      | Killed Robin
  2390 | D:4      | Reached XP level 6. HP: 20/38 MP: 6/6
  2460 | D:4      | 2460 ||| FLEEEEING.
  2461 | D:4      | 2461 ||| FLEEEEING.
  2462 | D:4      | 2462 ||| FLEEEEING.
  2463 | D:4      | 2463 ||| FLEEEEING.
  2464 | D:4      | 2464 ||| FLEEEEING.
  2465 | D:4      | 2465 ||| FLEEEEING.
  2466 | D:4      | 2466 ||| FLEEEEING.
  2468 | D:4      | 2468 ||| FLEEEEING.
  2469 | D:4      | 2469 ||| FLEEEEING.
  2513 | D:4      | Reached skill level 7 in Ranged Weapons
  2548 | D:4      | 2548 ||| RETREEAATING.
  2550 | D:4      | 2550 ||| Stepping ~*~*~tactically~*~*~ (retreating).
  2551 | D:4      | 2551 ||| Stepping ~*~*~tactically~*~*~ (retreating).
  2554 | D:4      | 2554 ||| Stepping ~*~*~tactically~*~*~ (retreating).
  2555 | D:4      | 2555 ||| Stepping ~*~*~tactically~*~*~ (retreating).
  2563 | D:4      | HP: 9/38 [something/puff of flame (1)]
  2564 | D:4      | 2564 ||| READING 2 scrolls of teleportation.
  2577 | D:4      | 2577 ||| FLEEEEING.
  2585 | D:4      | 2585 ||| FLEEEEING.
  2587 | D:4      | 2587 ||| FLEEEEING.
  2588 | D:4      | 2588 ||| FLEEEEING.
  2623 | D:4      | Reached XP level 7. HP: 34/43 MP: 7/7
  2661 | D:4      | Found a sparkling altar of Nemelex Xobeh.
  2883 | D:4      | 2883 ||| UPGRADING to +0 helmet.
  2888 | D:4      | 2888 ||| UPGRADING to +3 leather armour.
  2898 | D:4      | 2898 ||| DROPPING +0 ring mail.
  2899 | D:4      | 2899 ||| READING scroll labelled ECIAMA OTZEFOBATS.
  2900 | D:4      | 2900 ||| READING scroll labelled QEOKIE EFRAO.
  2901 | D:4      | 2901 ||| READING 2 scrolls of identify.
  2901 | D:4      | 2901 ||| IDENTIFYING lumpy golden potion
  2915 | D:5      | Entered Level 5 of the Dungeon
  2918 | D:5      | 2918 ||| STAIRDANCE
  2986 | D:5      | Reached skill level 8 in Ranged Weapons
  3046 | D:5      | 3046 ||| SWAPPING to +0 orcbow.
  3047 | D:5      | 3047 ||| DROPPING +1 shortbow of freezing.
  3212 | D:5      | Reached XP level 8. HP: 49/49 MP: 8/8
  3363 | D:5      | Reached skill level 9 in Ranged Weapons
  3449 | D:5      | 3449 ||| UPGRADING to +0 pair of gloves.
  3454 | D:5      | 3454 ||| DRINKING 3 bubbling black potions.
  3485 | D:5      | 3485 ||| READING 2 scrolls of identify.
  3485 | D:5      | 3485 ||| IDENTIFYING fuming ruby potion
  3486 | D:5      | 3486 ||| DROPPING 2 potions of lignification.
  3574 | D:6      | 3574 ||| READING scroll of enchant armour.
  3574 | D:6      | 3574 ||| ENCHANTING +0 pair of gloves.
  3720 | D:6      | Found a staircase to the Ecumenical Temple.
  3721 | D:6      | 3721 ||| PLANNING TEMPLE
  3721 | D:6      | 3721 ||| READING scroll labelled ITYSMU TUSIRR.
  3726 | Temple   | Entered the Ecumenical Temple
  3727 | Temple   | 3727 ||| PLANNING OKAWARU WORSHIP
  3740 | Temple   | Became a worshipper of Warmaster Okawaru
  3741 | Temple   | 3741 ||| PLANNING D:1-11
  3830 | D:6      | Found Sehann's Armour Shop.
  3838 | D:6      | 3838 ||| BUYING +0 cloak of preservation (138 gold).
  3838 | D:6      | Bought a +0 cloak of preservation for 138 gold pieces
  3838 | D:6      | 3838 ||| BUYING +1 ring mail of fire resistance (192 gold).
  3838 | D:6      | Bought a +1 ring mail of fire resistance for 192 gold
                  | pieces
  3856 | D:6      | Reached skill level 6 in Fighting
  4333 | D:6      | 4333 ||| Stepping ~*~*~tactically~*~*~ (retreating).
  4427 | D:6      | 4427 ||| UPGRADING to +0 cloak of preservation.
  4432 | D:6      | 4432 ||| UPGRADING to +1 ring mail of fire resistance.
  4442 | D:6      | 4442 ||| DRINKING 2 ruby potions.
  4443 | D:6      | 4443 ||| READING 2 scrolls of identify.
  4443 | D:6      | 4443 ||| IDENTIFYING murky orange potion
  4494 | D:7      | Noticed a wraith
  4498 | D:7      | HP: 10/52 [orc warrior/+0 glaive (7)]
  4499 | D:7      | 4499 ||| READING 2 scrolls of teleportation.
  4500 | D:7      | 4500 ||| DRINKING potion of heal wounds.
  4508 | D:7      | HP: 10/52 [killer bee (6)]
  4509 | D:7      | 4509 ||| READING scroll of teleportation.
  4509 | D:7      | HP: 3/52 [steam dragon (3)]
  4510 | D:7      | Slain by a killer bee

Levels and vault maps discovered:
D:1:      sevenhm_arrival_forest_fort_large_2, layout_loops_corners,
          nicolae_wormholes
D:2:      layout_loops_ring, corexii_corridor_pit
D:3:      layout_basic, mainiacjoe_overflow_24_doors,
          nicolae_dithmenos_shadow_blocks, minivault_5, uniq_natasha
D:4:      layout_rooms, kennysheep_mini, uniq_robin
D:5:      layout_layer_cave
D:6:      layout_basic, minmay_temple_entry_trees, serial_shops,
          nicolae_shop_tiny_statue_garden, minmay_misc_feat_tiny
D:7:      layout_loops_ring, mainiacjoe_overflow_surrounded_room,
          tso_oasis_becter, sigmund_army, uniq_maggie
Temple:   jpeg_temple_clearing

Skill      XL: |  1  2  3  4  5  6  7  8 |
---------------+-------------------------+-----
Ranged Weapons | 5 6 7 8 9 |  9.9
Fighting       | 3 4 5 6 |  6.4
Armour         | 1 2 |  2.1
Dodging        | 2 |  2.0
Stealth        | |  1.1

Action                     |  1- 3 |  4- 6 |  7- 9 || total
---------------------------+-------+-------+-------++-------
   Fire: Shortbow          |   125 |   206 |    53 ||   384
         Orcbow            |       |       |   176 ||   176
    Use: Scroll            |     6 |     3 |     9 ||    18
         Potion            |       |       |     3 ||     3
 Armour: Leather armour    |    20 |       |    95 ||   115
         Ring mail         |       |   184 |    70 ||   254
  Dodge: Dodged            |    32 |    71 |   123 ||   226

Table legend:
 A = Non-vault XP
 B = Vault XP
 C = Vault XP percentage of total XP
 D = Non-vault monster count
 E = Vault monster count
 F = Vault count percentage of total count
                 A         B        C        D         E       F
            +---------+---------+-------+---------+---------+-------
      Total |    2170 |      76 |   3.4 |     124 |      13 |   9.5
            +---------+---------+-------+---------+---------+-------
        D:1 |      48 |       5 |   9.4 |      26 |       1 |   3.7
        D:2 |      27 |       0 |   0.0 |      16 |       0 |   0.0
        D:3 |     121 |      36 |  22.9 |      18 |       1 |   5.3
        D:4 |     450 |      35 |   7.2 |      30 |      11 |  26.8
        D:5 |     760 |       0 |   0.0 |      16 |       0 |   0.0
        D:6 |     755 |       0 |   0.0 |      15 |       0 |   0.0
        D:7 |       9 |       0 |   0.0 |       3 |       0 |   0.0
            +---------+---------+-------+---------+---------+-------
